Toronto Maple Leafs vs Pittsburgh Penguins

Created - Tuesday, February 10, 2026 at 07:34

Goals
1 2 3 OT1 T
Toronto Maple Leafs 0 2 1 0 3
Pittsburgh Penguins 0 1 2 1 4
Shots
1 2 3 OT1 T
Toronto Maple Leafs 10 11 12 1 34
Pittsburgh Penguins 14 5 15 1 35

1st period

No Goal

Penalties :
Ryan Hartman (TOR) for Slashing (Minor) at 0:52

2nd period

1. Toronto Maple Leafs , Sam Bennett 7 (Warren Foegele 11) at 1:43 (PP)
2. Toronto Maple Leafs , Eric Robinson 3 (Nicolas Roy 7, Sam Malinski 6) at 18:03
3. Pittsburgh Penguins , Sam Reinhart 6 (Leon Draisaitl 10, Mitchell Marner 13) at 19:58

Penalties :
Carson Soucy (PIT) for Interference (Minor) at 1:08, Mattias Ekholm (PIT) for Goalie Interference (Minor) at 3:02

3rd period

4. Toronto Maple Leafs , Quinton Byfield 11 (Sam Bennett 14, Mario Ferraro 4) at 3:43
5. Pittsburgh Penguins , Christian Dvorak 1 (Carson Soucy 1, Phillip Danault 1) at 16:03
6. Pittsburgh Penguins , Sam Reinhart 7 (Mitchell Marner 14, Phillip Danault 2) at 16:31

Penalties :
Erik Gudbranson (PIT) for Tripping (Minor) at 0:12, Mario Ferraro (TOR) for Tripping (Minor) at 1:06, Brady Tkachuk (TOR) for Roughing (Minor) at 11:54

Overtime #1

7. Pittsburgh Penguins , Sam Reinhart 8 (Tage Thompson 13, Erik Karlsson 7) at 0:44

Penalties :
No Penalty

Goalie Stats

Frederik Andersen (TOR), 31 saves from 35 shots - (0.886), OTL, 6-3-2, 60:44 minutes
Jordan Binnington (PIT), 31 saves from 34 shots - (0.912), W, 8-6-1, 60:44 minutes

Players Stats for Toronto Maple Leafs

Player Name              G  A  P  +/- PIM S  H  SB GA TA FO     MP     PP MP  PK MP  
------------------------------------------------------------------------------------
Aaron Ekblad             0  0  0   0  0   0  0  0  0  0  0/0     5:13   0:00   0:56 
Bowen Byram              0  0  0  -3  0   1  1  2  0  1  0/0    22:30   2:29   1:16 
Brady Tkachuk            0  0  0  -2  2   3  3  0  1  1  2/2    18:02   1:17   0:02 
Brandon Saad             0  0  0  -1  0   0  0  1  0  0  0/0    12:59   0:00   0:17 
Cody Ceci                0  0  0   0  0   0  0  2  0  1  0/0    19:00   0:00   2:23 
Eric Robinson            1  0  1   1  0   1  0  0  0  0  0/0     7:59   0:00   0:00 
Mackie Samoskevich       0  0  0   1  0   1  0  0  0  0  0/0     7:33   0:00   0:00 
Mario Ferraro            0  1  1   0  2   2  3  3  0  0  0/0    26:00   2:28   1:49 
Nicolas Roy              0  1  1   1  0   2  0  0  0  0  4/8     9:30   0:00   2:11 
Quinton Byfield          1  0  1   0  0   3  0  1  0  0  2/3    17:48   2:11   0:00 
Ryan Hartman             0  0  0  -1  2   7  1  0  0  0  0/0    12:56   0:00   0:00 
Ryan Pulock              0  0  0   0  0   1  0  1  0  0  0/0    23:17   0:59   2:16 
Sam Bennett              1  1  2   0  0   2  0  0  0  1  8/19   17:54   2:11   0:19 
Sam Malinski             0  1  1  -1  0   1  0  5  1  0  0/0    25:31   0:59   1:04 
Scott Laughton           0  0  0  -1  0   2  1  0  0  1  16/25  14:26   0:00   2:22 
Troy Terry               0  0  0  -1  0   4  0  2  0  0  1/3    16:48   1:17   0:00 
Warren Foegele           0  1  1   0  0   2  0  0  1  0  0/1    19:19   2:11   2:22 
Wyatt Johnston           0  0  0  -2  0   2  1  0  2  0  12/21  20:11   1:17   2:11 

Players Stats for Pittsburgh Penguins

Player Name              G  A  P  +/- PIM S  H  SB GA TA FO     MP     PP MP  PK MP  
------------------------------------------------------------------------------------
Blake Coleman            0  0  0  -2  0   2  2  0  0  0  0/1    13:12   0:00   0:00 
Brian Dumoulin           0  0  0  -1  0   0  3  1  0  0  0/0    20:17   2:04   1:44 
Carson Soucy             0  1  1   0  2   1  0  0  0  0  0/0    12:48   0:00   0:00 
Christian Dvorak         1  0  1   1  0   4  0  0  0  0  0/0     8:32   0:14   0:00 
Erik Gudbranson          0  0  0   0  2   2  0  0  0  0  0/0    14:49   0:40   1:21 
Erik Karlsson            0  1  1   3  0   4  0  3  0  0  0/0    27:38   2:48   1:44 
Gabriel Vilardi          0  0  0   0  0   1  1  0  0  0  0/1    15:49   2:01   0:00 
Jordan Eberle            0  0  0  -2  0   2  0  0  0  0  0/1    12:57   0:00   0:00 
Leon Draisaitl           0  1  1   2  0   1  4  0  2  1  12/26  20:11   2:11   1:47 
Mattias Ekholm           0  0  0  -1  2   1  3  1  0  0  0/0    19:43   2:04   0:23 
Mitchell Marner          0  2  2   2  0   2  0  2  1  0  3/3    20:11   2:11   1:47 
Pavel Buchnevich         0  0  0   0  0   1  2  0  0  1  0/1    15:54   2:01   0:00 
Phillip Danault          0  2  2   1  0   2  1  0  0  0  1/6     7:30   0:00   0:00 
Ryan O'Reilly            0  0  0  -2  0   2  0  0  0  0  6/12   13:12   0:00   0:00 
Sam Reinhart             3  0  3   3  0   3  3  1  0  1  3/7    20:53   2:47   1:41 
Tage Thompson            0  1  1   1  0   6  0  2  2  0  12/24  19:36   2:31   1:41 
Travis Sanheim           0  0  0   3  0   0  3  3  0  2  0/0    27:38   2:48   1:44 
Zemgus Girgensons        0  0  0   1  0   1  1  0  0  0  0/0     7:30   0:00   0:00 

3 Stars

1 - Sam Reinhart (PIT)
2 - Mitchell Marner (PIT)
3 - Leon Draisaitl (PIT)

Power Play

Toronto Maple Leafs - 1 on 3 Attempt(s) - 33.33%
Pittsburgh Penguins - 0 on 3 Attempt(s) - 0.00%

Penalty Kill

Toronto Maple Leafs - 3 on 3 Attempt(s) - 100.00% - Score 0 goal in Penalty Kill
Pittsburgh Penguins - 2 on 3 Attempt(s) - 66.67% - Score 0 goal in Penalty Kill

Team Stat

Toronto Maple Leafs - Hits : 10 - Faceoff Wins : 45 - Blocked Shots : 17 - Penalty Minutes : 6
Pittsburgh Penguins - Hits : 23 - Faceoff Wins : 37 - Blocked Shots : 13 - Penalty Minutes : 6

Official

Referees : Ghislain Hebert and Jean Hebert
Linesman : Trent Knorr and Libor Suchanek

Game Notes

Aaron Ekblad is injured at 11:36 of 1st period (Strained Right Elbow)
Sam Reinhart has scored a Hat Trick!

Finance

Level 1 -- Attendance: 4536 (75.60%) -- Ticket Income $453,600
Level 2 -- Attendance: 3500 (70.00%) -- Ticket Income $210,000
Level 3 -- Attendance: 2201 (73.37%) -- Ticket Income $77,035
Level 4 -- Attendance: 3500 (70.00%) -- Ticket Income $87,500
Luxury Box -- Attendance: 734 (73.40%) -- Ticket Income $146,800
Game was played at the Consol Energy Center.
Total Attendance: 14471 (72.36%)
Total Ticket Income: $974,935
Other Income: $341,227
Total Income: $1,316,162

Toronto Maple Leafs

5 vs 5 Forward 
   Center                   Left Wing                Right Wing               Time % Phy DF OF 
 1 Wyatt Johnston           Brady Tkachuk            Troy Terry               30     1   2  2  
 2 Sam Bennett              Quinton Byfield          Warren Foegele           30     1   2  2  
 3 Scott Laughton           Brandon Saad             Ryan Hartman             25     1   2  2  
 4 Nicolas Roy              Eric Robinson            Mackie Samoskevich       15     1   3  1  

5 vs 5 Defense 
   Defense                  Defense                                           Time % Phy DF OF 
 1 Ryan Pulock              Mario Ferraro                                     35     1   2  2  
 2 Aaron Ekblad             Bowen Byram                                       35     1   2  2  
 3 Cody Ceci                Sam Malinski                                      30     1   2  2  
 4 Ryan Pulock              Mario Ferraro                                     0      1   2  2  

PowerPlay Forward 
   Center                   Left Wing                Right Wing               Time % Phy DF OF 
 1 Wyatt Johnston           Brady Tkachuk            Troy Terry               50     1   2  2  
 2 Sam Bennett              Quinton Byfield          Warren Foegele           50     1   2  2  

PowerPlay Defense
   Defense                  Defense                                           Time % Phy DF OF 
 1 Aaron Ekblad             Bowen Byram                                       50     1   2  2  
 2 Ryan Pulock              Sam Malinski                                      50     1   2  2  

Penalty Kill 4 Players Forward 
   Center                   Wing                     Time % Phy DF OF 
 1 Scott Laughton           Warren Foegele           50     1   2  2  
 2 Wyatt Johnston           Nicolas Roy              50     1   2  2  

Penalty Kill 4 Players Defense
   Defense                  Defense                  Time % Phy DF OF 
 1 Mario Ferraro            Aaron Ekblad             50     1   2  2  
 2 Ryan Pulock              Cody Ceci                50     1   2  2  

Penalty Kill - 3 Players Forward 
   Forward                                           Time % Phy DF OF 
 1 Scott Laughton                                    50     1   2  2  
 2 Wyatt Johnston                                    50     1   2  2  

Penalty Kill - 3 Players Defense
   Defense                  Defense                  Time % Phy DF OF 
 1 Mario Ferraro            Aaron Ekblad             50     1   2  2  
 2 Ryan Pulock              Cody Ceci                50     1   2  2  

4 vs 4 Forward 
   Center                   Wing                     Time % Phy DF OF 
 1 Wyatt Johnston           Brady Tkachuk            50     1   2  2  
 2 Sam Bennett              Quinton Byfield          50     1   2  2  

4 vs 4 Defense
   Defense                  Defense                  Time % Phy DF OF 
 1 Aaron Ekblad             Bowen Byram              50     1   2  2  
 2 Ryan Pulock              Mario Ferraro            50     1   2  2  

Last Minutes Offensive
   Center                   Left Wing                Right Wing               Defense                  Defense                  
   Wyatt Johnston           Brady Tkachuk            Troy Terry               Aaron Ekblad             Bowen Byram              

Last Minutes Defensive
   Center                   Left Wing                Right Wing               Defense                  Defense                  
   Wyatt Johnston           Scott Laughton           Warren Foegele           Ryan Pulock              Mario Ferraro            

Goaltenders
Starting : Frederik Andersen        
Backup : Matt Murray              

Extra Forwards
Normal : Ryan Hartman, Eric Robinson, Mackie Samoskevich - PP : Brandon Saad, Ryan Hartman - PK : Sam Bennett
Extra Defensemen
Normal : Sam Malinski, Cody Ceci, Bowen Byram - PP : Mario Ferraro - PK : Bowen Byram, Sam Malinski
Penalty Shots
Troy Terry, Quinton Byfield, Wyatt Johnston, Nicolas Roy, Brady Tkachuk

Scratches
Nick Bjugstad (Healthy), Brendan Brisson (Healthy), Lucas Carlsson (Healthy), Lassi Thomson (Healthy), Joonas Korpisalo (Healthy)

Pittsburgh Penguins

5 vs 5 Forward 
   Center                   Left Wing                Right Wing               Time % Phy DF OF 
 1 Leon Draisaitl           Sam Reinhart             Mitchell Marner          30     1   2  2  
 2 Tage Thompson            Pavel Buchnevich         Gabriel Vilardi          30     1   2  2  
 3 Ryan O'Reilly            Blake Coleman            Jordan Eberle            25     1   2  2  
 4 Phillip Danault          Zemgus Girgensons        Christian Dvorak         15     1   2  2  

5 vs 5 Defense 
   Defense                  Defense                                           Time % Phy DF OF 
 1 Travis Sanheim           Erik Karlsson                                     30     1   2  2  
 2 Brian Dumoulin           Mattias Ekholm                                    30     1   2  2  
 3 Carson Soucy             Erik Gudbranson                                   25     1   2  2  
 4 Travis Sanheim           Erik Karlsson                                     15     1   2  2  

PowerPlay Forward 
   Center                   Left Wing                Right Wing               Time % Phy DF OF 
 1 Leon Draisaitl           Sam Reinhart             Mitchell Marner          50     1   2  2  
 2 Tage Thompson            Pavel Buchnevich         Gabriel Vilardi          50     1   2  2  

PowerPlay Defense
   Defense                  Defense                                           Time % Phy DF OF 
 1 Travis Sanheim           Erik Karlsson                                     50     1   2  2  
 2 Brian Dumoulin           Mattias Ekholm                                    50     1   2  2  

Penalty Kill 4 Players Forward 
   Center                   Wing                     Time % Phy DF OF 
 1 Mitchell Marner          Leon Draisaitl           50     1   2  2  
 2 Sam Reinhart             Tage Thompson            50     1   2  2  

Penalty Kill 4 Players Defense
   Defense                  Defense                  Time % Phy DF OF 
 1 Travis Sanheim           Erik Karlsson            50     1   2  2  
 2 Brian Dumoulin           Mattias Ekholm           50     1   2  2  

Penalty Kill - 3 Players Forward 
   Forward                                           Time % Phy DF OF 
 1 Mitchell Marner                                   50     1   2  2  
 2 Leon Draisaitl                                    50     1   2  2  

Penalty Kill - 3 Players Defense
   Defense                  Defense                  Time % Phy DF OF 
 1 Travis Sanheim           Erik Karlsson            50     1   2  2  
 2 Brian Dumoulin           Mattias Ekholm           50     1   2  2  

4 vs 4 Forward 
   Center                   Wing                     Time % Phy DF OF 
 1 Mitchell Marner          Leon Draisaitl           50     1   2  2  
 2 Sam Reinhart             Tage Thompson            50     1   2  2  

4 vs 4 Defense
   Defense                  Defense                  Time % Phy DF OF 
 1 Travis Sanheim           Erik Karlsson            50     1   2  2  
 2 Brian Dumoulin           Mattias Ekholm           50     1   2  2  

Last Minutes Offensive
   Center                   Left Wing                Right Wing               Defense                  Defense                  
   Leon Draisaitl           Sam Reinhart             Mitchell Marner          Travis Sanheim           Erik Karlsson            

Last Minutes Defensive
   Center                   Left Wing                Right Wing               Defense                  Defense                  
   Leon Draisaitl           Sam Reinhart             Mitchell Marner          Travis Sanheim           Erik Karlsson            

Goaltenders
Starting : Jordan Binnington        
Backup : John Gibson              

Extra Forwards
Normal : Christian Dvorak, Ryan O'Reilly, Blake Coleman - PP : Christian Dvorak, Ryan O'Reilly - PK : Blake Coleman
Extra Defensemen
Normal : Carson Soucy, Erik Gudbranson, Brian Dumoulin - PP : Carson Soucy - PK : Erik Gudbranson, Brian Dumoulin
Penalty Shots
Mitchell Marner, Leon Draisaitl, Sam Reinhart, Tage Thompson, Ryan O'Reilly

Scratches
None


% Time on Ice - Toronto Maple Leafs

Lines # - Real PCT - Wanted PCT - Time Play
Normal Forward
1 - 32% - 30% - 16:07
2 - 29% - 30% - 14:47
3 - 25% - 25% - 12:26
4 - 14% - 15% - 7:15
Normal Defense
1 - 36% - 35% - 18:23
2 - 37% - 35% - 18:39
3 - 27% - 30% - 13:33
4 - 0% - 0% - 0:00
PP Forward
1 - 37% - 50% - 1:17
2 - 63% - 50% - 2:11
PP Defense
1 - 72% - 50% - 2:29
2 - 28% - 50% - 0:59
PK Forward
1 - 54% - 50% - 2:39
2 - 46% - 50% - 2:13
PK Defense
1 - 56% - 50% - 2:43
2 - 44% - 50% - 2:09
PK3 Forward
1 - 0% - 50%
2 - 0% - 50%
PK3 Defense
1 - 0% - 50%
2 - 0% - 50%
44 Forward
1 - 62% - 50% - 1:08
2 - 38% - 50% - 0:41
44 Defense
1 - 63% - 50% - 1:09
2 - 37% - 50% - 0:40
Last Minute Offensive  - 0:00
Last Minute Defensive  - 0:00
Total
Forward - 60:44
Defense - 60:44

% Time on Ice - Pittsburgh Penguins

Lines # - Real PCT - Wanted PCT - Time Play
Normal Forward
1 - 31% - 30% - 15:40
2 - 29% - 30% - 14:36
3 - 25% - 25% - 12:49
4 - 15% - 15% - 7:30
Normal Defense
1 - 31% - 30% - 15:33
2 - 31% - 30% - 15:45
3 - 25% - 25% - 12:49
4 - 13% - 15% - 6:28
PP Forward
1 - 45% - 50% - 2:11
2 - 55% - 50% - 2:41
PP Defense
1 - 58% - 50% - 2:48
2 - 42% - 50% - 2:04
PK Forward
1 - 51% - 50% - 1:47
2 - 49% - 50% - 1:41
PK Defense
1 - 50% - 50% - 1:44
2 - 50% - 50% - 1:44
PK3 Forward
1 - 0% - 50%
2 - 0% - 50%
PK3 Defense
1 - 0% - 50%
2 - 0% - 50%
44 Forward
1 - 56% - 50% - 1:01
2 - 44% - 50% - 0:48
44 Defense
1 - 60% - 50% - 1:05
2 - 40% - 50% - 0:44
Last Minute Offensive  - 0:00
Last Minute Defensive  - 0:00
Total
Forward - 60:44
Defense - 60:44

Play-by-Play

1st period


0:01 of 1st period - Wyatt Johnston wins face-off versus Leon Draisaitl in neutral zone.
0:04 of 1st period - Travis Sanheim is hit by Brady Tkachuk and loses puck.
0:52 of 1st period - Minor Penalty to Ryan Hartman for Slashing.
0:53 of 1st period - Scott Laughton wins face-off versus Leon Draisaitl in Toronto Maple Leafs zone.
1:03 of 1st period - Wrist shot by Wyatt Johnston.
1:03 of 1st period - Shot Misses the Net.
1:09 of 1st period - Wrist shot by Nicolas Roy.
1:09 of 1st period - Shot Blocked by Travis Sanheim.
1:25 of 1st period - Ryan Pulock is hit by Pavel Buchnevich and loses puck.
2:52 of 1st period - Penalty to Ryan Hartman is over, Ryan Hartman is back on ice.
3:05 of 1st period - Ryan Hartman is hit by Blake Coleman and loses puck.
3:12 of 1st period - Brandon Saad is hit by Brian Dumoulin and loses puck.
3:38 of 1st period - Icing by Brian Dumoulin.
3:39 of 1st period - Sam Bennett wins face-off versus Phillip Danault in Pittsburgh Penguins zone.
3:46 of 1st period - Wrist shot by Christian Dvorak.
3:46 of 1st period - Deflect By Phillip Danault.
3:46 of 1st period - Shot Blocked by Sam Malinski.
3:46 of 1st period - Puck is out of play.
3:47 of 1st period - Nicolas Roy wins face-off versus Leon Draisaitl in Toronto Maple Leafs zone.
4:00 of 1st period - Cody Ceci is hit by Leon Draisaitl and loses puck.
4:21 of 1st period - Slapshot by Quinton Byfield.
4:21 of 1st period - Shot Misses the Net.
4:23 of 1st period - Wrist shot by Warren Foegele.
4:23 of 1st period - Deflect By Quinton Byfield.
4:23 of 1st period - Stopped by Jordan Binnington without a rebound.
4:24 of 1st period - Tage Thompson wins face-off versus Wyatt Johnston in Pittsburgh Penguins zone.
4:57 of 1st period - Wrist shot by Mitchell Marner.
4:57 of 1st period - Stopped by Frederik Andersen without a rebound.
4:58 of 1st period - Tage Thompson wins face-off versus Scott Laughton in Toronto Maple Leafs zone.
6:15 of 1st period - Snap shot by Pavel Buchnevich.
6:15 of 1st period - Deflect By Gabriel Vilardi.
6:15 of 1st period - Shot Blocked by Bowen Byram.
6:15 of 1st period - Puck is out of play.
6:16 of 1st period - Scott Laughton wins face-off versus Ryan O'Reilly in Toronto Maple Leafs zone.
6:43 of 1st period - Icing by Sam Reinhart.
6:44 of 1st period - Wyatt Johnston wins face-off versus Leon Draisaitl in Pittsburgh Penguins zone.
6:55 of 1st period - Backhand shot by Wyatt Johnston.
6:55 of 1st period - Stopped by Jordan Binnington with a rebound.
7:21 of 1st period - Wrist shot by Ryan O'Reilly.
7:21 of 1st period - Shot Misses the Net.
7:42 of 1st period - Jordan Eberle is hit by Brady Tkachuk and loses puck.
8:05 of 1st period - Brady Tkachuk is hit by Travis Sanheim.
8:13 of 1st period - Snap shot by Jordan Eberle.
8:13 of 1st period - Stopped by Frederik Andersen without a rebound.
8:14 of 1st period - Sam Bennett wins face-off versus Tage Thompson in Toronto Maple Leafs zone.
8:23 of 1st period - Wrist shot by Tage Thompson.
8:23 of 1st period - Shot Misses the Net.
8:25 of 1st period - Slapshot by Mattias Ekholm.
8:25 of 1st period - Shot Blocked by Cody Ceci.
8:27 of 1st period - Snap shot by Mattias Ekholm.
8:27 of 1st period - Stopped by Frederik Andersen without a rebound.
8:28 of 1st period - Scott Laughton wins face-off versus Tage Thompson in Toronto Maple Leafs zone.
8:39 of 1st period - Wrist shot by Pavel Buchnevich.
8:39 of 1st period - Shot Blocked by Sam Malinski.
8:41 of 1st period - Slapshot by Erik Gudbranson.
8:41 of 1st period - Stopped by Frederik Andersen without a rebound.
8:42 of 1st period - Sam Reinhart wins face-off versus Quinton Byfield in Toronto Maple Leafs zone.
10:04 of 1st period - Quinton Byfield is hit by Mattias Ekholm and loses puck.
11:09 of 1st period - Snap shot by Jordan Eberle.
11:09 of 1st period - Shot Misses the Net.
11:35 of 1st period - Aaron Ekblad is hit by Brian Dumoulin and loses puck.
11:36 of 1st period - Aaron Ekblad from Toronto Maple Leafs is injured at 11:36 of 1st period (Strained Right Elbow).
11:37 of 1st period - Scott Laughton wins face-off versus Leon Draisaitl in Toronto Maple Leafs zone.
11:52 of 1st period - Wrist shot by Ryan Hartman.
11:52 of 1st period - Stopped by Jordan Binnington with a rebound.
12:33 of 1st period - Snap shot by Christian Dvorak.
12:33 of 1st period - Deflect By Phillip Danault.
12:33 of 1st period - Shot Misses the Net.
12:33 of 1st period - Puck is out of play.
12:34 of 1st period - Leon Draisaitl wins face-off versus Scott Laughton in Toronto Maple Leafs zone.
12:47 of 1st period - Backhand shot by Scott Laughton.
12:47 of 1st period - Stopped by Jordan Binnington with a rebound.
13:08 of 1st period - Icing by Bowen Byram.
13:09 of 1st period - Leon Draisaitl wins face-off versus Nicolas Roy in Toronto Maple Leafs zone.
14:00 of 1st period - Snap shot by Nicolas Roy.
14:00 of 1st period - Stopped by Jordan Binnington with a rebound.
14:02 of 1st period - Wrist shot by Eric Robinson.
14:02 of 1st period - Shot Blocked by Sam Reinhart.
14:04 of 1st period - Slapshot by Mario Ferraro.
14:04 of 1st period - Deflect By Nicolas Roy.
14:04 of 1st period - Stopped by Jordan Binnington without a rebound.
14:05 of 1st period - Tage Thompson wins face-off versus Scott Laughton in Pittsburgh Penguins zone.
14:10 of 1st period - Wrist shot by Gabriel Vilardi.
14:10 of 1st period - Stopped by Frederik Andersen without a rebound.
14:11 of 1st period - Scott Laughton wins face-off versus Tage Thompson in Toronto Maple Leafs zone.
14:57 of 1st period - Off-side.
14:58 of 1st period - Ryan O'Reilly wins face-off versus Sam Bennett in neutral zone.
15:05 of 1st period - Slapshot by Ryan O'Reilly.
15:05 of 1st period - Stopped by Frederik Andersen with a rebound.
15:07 of 1st period - Snap shot by Ryan O'Reilly.
15:07 of 1st period - Shot Misses the Net.
15:09 of 1st period - Slapshot by Travis Sanheim.
15:09 of 1st period - Shot Blocked by Quinton Byfield.
15:11 of 1st period - Snap shot by Jordan Eberle.
15:11 of 1st period - Shot Misses the Net.
15:13 of 1st period - Slapshot by Blake Coleman.
15:13 of 1st period - Stopped by Frederik Andersen with a rebound.
16:04 of 1st period - Bowen Byram is hit by Leon Draisaitl.
16:13 of 1st period - Off-side.
16:14 of 1st period - Scott Laughton wins face-off versus Phillip Danault in neutral zone.
16:25 of 1st period - Wrist shot by Phillip Danault.
16:25 of 1st period - Shot Misses the Net.
16:39 of 1st period - Erik Karlsson is hit by Brady Tkachuk and loses puck.
16:48 of 1st period - Snap shot by Brady Tkachuk.
16:48 of 1st period - Deflect By Gabriel Vilardi.
16:48 of 1st period - Stopped by Jordan Binnington without a rebound.
16:49 of 1st period - Leon Draisaitl wins face-off versus Sam Bennett in Pittsburgh Penguins zone.
17:00 of 1st period - Carson Soucy is hit by Bowen Byram and loses puck.
17:25 of 1st period - Wrist shot by Pavel Buchnevich.
17:25 of 1st period - Stopped by Frederik Andersen with a rebound.
17:43 of 1st period - Slapshot by Christian Dvorak.
17:43 of 1st period - Stopped by Frederik Andersen with a rebound.
17:45 of 1st period - Backhand shot by Erik Karlsson.
17:45 of 1st period - Stopped by Frederik Andersen without a rebound.
17:46 of 1st period - Leon Draisaitl wins face-off versus Scott Laughton in Toronto Maple Leafs zone.
17:47 of 1st period - Slapshot by Mitchell Marner.
17:47 of 1st period - Shot Hit the Post.
17:53 of 1st period - Snap shot by Leon Draisaitl.
17:53 of 1st period - Shot Misses the Net.
18:17 of 1st period - Off-side.
18:18 of 1st period - Phillip Danault wins face-off versus Sam Bennett in neutral zone.
18:21 of 1st period - Snap shot by Phillip Danault.
18:21 of 1st period - Stopped by Frederik Andersen with a rebound.
18:23 of 1st period - Slapshot by Carson Soucy.
18:23 of 1st period - Stopped by Frederik Andersen with a rebound.
18:25 of 1st period - Slapshot by Zemgus Girgensons.
18:25 of 1st period - Stopped by Frederik Andersen with a rebound.
18:27 of 1st period - Slapshot by Erik Gudbranson.
18:27 of 1st period - Stopped by Frederik Andersen without a rebound.
18:28 of 1st period - Sam Bennett wins face-off versus Tage Thompson in Toronto Maple Leafs zone.
18:41 of 1st period - Snap shot by Warren Foegele.
18:41 of 1st period - Stopped by Jordan Binnington without a rebound.
18:42 of 1st period - Wyatt Johnston wins face-off versus Tage Thompson in Pittsburgh Penguins zone.
18:43 of 1st period - Slapshot by Brady Tkachuk.
18:43 of 1st period - Shot Blocked by Tage Thompson.
18:45 of 1st period - Slapshot by Cody Ceci.
18:45 of 1st period - Shot Blocked by Erik Karlsson.
18:47 of 1st period - Slapshot by Troy Terry.
18:47 of 1st period - Shot Blocked by Erik Karlsson.
18:49 of 1st period - Slapshot by Troy Terry.
18:49 of 1st period - Stopped by Jordan Binnington without a rebound.
18:50 of 1st period - Wyatt Johnston wins face-off versus Tage Thompson in Pittsburgh Penguins zone.
18:51 of 1st period - Wrist shot by Troy Terry.
18:51 of 1st period - Stopped by Jordan Binnington without a rebound.
18:52 of 1st period - Brady Tkachuk wins face-off versus Gabriel Vilardi in Pittsburgh Penguins zone.
19:01 of 1st period - Snap shot by Brady Tkachuk.
19:01 of 1st period - Shot Misses the Net.
19:52 of 1st period - Icing by Wyatt Johnston.
19:53 of 1st period - Brady Tkachuk wins face-off versus Leon Draisaitl in Toronto Maple Leafs zone.
Goals for this period are 0 for Toronto Maple Leafs vs 0 for Pittsburgh Penguins.
Shots for this period are 10 for Toronto Maple Leafs vs 14 for Pittsburgh Penguins.

2nd period


0:01 of 2nd period - Quinton Byfield wins face-off versus Leon Draisaitl in neutral zone.
1:08 of 2nd period - Minor Penalty to Carson Soucy for Interference.
1:09 of 2nd period - Mitchell Marner wins face-off versus Wyatt Johnston in Pittsburgh Penguins zone.
1:35 of 2nd period - Sam Bennett is hit by Travis Sanheim.
1:43 of 2nd period - Snap shot by Sam Bennett.
1:43 of 2nd period - Goal by Sam Bennett - Toronto Maple Leafs : 1 - Pittsburgh Penguins : 0.
1:44 of 2nd period - Quinton Byfield wins face-off versus Sam Reinhart in neutral zone.
2:16 of 2nd period - Wrist shot by Wyatt Johnston.
2:16 of 2nd period - Shot Blocked by Mitchell Marner.
2:34 of 2nd period - Brandon Saad is hit by Travis Sanheim and loses puck.
2:41 of 2nd period - Slapshot by Jordan Eberle.
2:41 of 2nd period - Shot Blocked by Cody Ceci.
2:43 of 2nd period - Backhand shot by Brian Dumoulin.
2:43 of 2nd period - Shot Misses the Net.
3:02 of 2nd period - Minor Penalty to Mattias Ekholm for Goalie Interference.
3:03 of 2nd period - Tage Thompson wins face-off versus Sam Bennett in Pittsburgh Penguins zone.
3:29 of 2nd period - Brady Tkachuk is hit by Sam Reinhart and loses puck.
3:34 of 2nd period - Snap shot by Sam Reinhart.
3:34 of 2nd period - Deflect By Wyatt Johnston.
3:34 of 2nd period - Shot Misses the Net.
3:34 of 2nd period - Puck is out of play.
3:35 of 2nd period - Wyatt Johnston wins face-off versus Tage Thompson in Toronto Maple Leafs zone.
3:42 of 2nd period - Snap shot by Wyatt Johnston.
3:42 of 2nd period - Shot Misses the Net.
3:44 of 2nd period - Slapshot by Sam Malinski.
3:44 of 2nd period - Shot Misses the Net.
4:04 of 2nd period - Wrist shot by Warren Foegele.
4:04 of 2nd period - Deflect By Quinton Byfield.
4:04 of 2nd period - Shot Misses the Net.
4:04 of 2nd period - Puck is out of play.
4:05 of 2nd period - Mitchell Marner wins face-off versus Sam Bennett in Pittsburgh Penguins zone.
4:16 of 2nd period - Snap shot by Mitchell Marner.
4:16 of 2nd period - Shot Misses the Net.
4:55 of 2nd period - Wrist shot by Sam Bennett.
4:55 of 2nd period - Shot Blocked by Mitchell Marner.
4:57 of 2nd period - Slapshot by Mario Ferraro.
4:57 of 2nd period - Deflect By Sam Bennett.
4:57 of 2nd period - Shot Misses the Net.
4:57 of 2nd period - Puck is out of play.
4:58 of 2nd period - Sam Reinhart wins face-off versus Wyatt Johnston in Pittsburgh Penguins zone.
5:02 of 2nd period - Penalty to Mattias Ekholm is over, Mattias Ekholm is back on ice.
5:33 of 2nd period - Backhand shot by Tage Thompson.
5:33 of 2nd period - Stopped by Frederik Andersen with a rebound.
5:47 of 2nd period - Snap shot by Brady Tkachuk.
5:47 of 2nd period - Shot Misses the Net.
5:49 of 2nd period - Slapshot by Ryan Pulock.
5:49 of 2nd period - Stopped by Jordan Binnington without a rebound.
5:50 of 2nd period - Scott Laughton wins face-off versus Ryan O'Reilly in Pittsburgh Penguins zone.
5:53 of 2nd period - Wrist shot by Ryan Hartman.
5:53 of 2nd period - Shot Misses the Net.
6:03 of 2nd period - Snap shot by Blake Coleman.
6:03 of 2nd period - Shot Hit the Post.
6:05 of 2nd period - Slapshot by Carson Soucy.
6:05 of 2nd period - Shot Misses the Net.
6:46 of 2nd period - Slapshot by Mackie Samoskevich.
6:46 of 2nd period - Shot Misses the Net.
7:36 of 2nd period - Mario Ferraro is hit by Phillip Danault and loses puck.
7:40 of 2nd period - Icing by Mario Ferraro.
7:41 of 2nd period - Ryan O'Reilly wins face-off versus Wyatt Johnston in Toronto Maple Leafs zone.
8:23 of 2nd period - Jordan Eberle is hit by Mario Ferraro and loses puck.
8:55 of 2nd period - Wrist shot by Blake Coleman.
8:55 of 2nd period - Deflect By Jordan Eberle.
8:55 of 2nd period - Shot Blocked by Troy Terry.
8:55 of 2nd period - Puck is out of play.
8:56 of 2nd period - Leon Draisaitl wins face-off versus Sam Bennett in Toronto Maple Leafs zone.
9:04 of 2nd period - Off-side.
9:05 of 2nd period - Leon Draisaitl wins face-off versus Sam Bennett in neutral zone.
9:08 of 2nd period - Quinton Byfield is hit by Leon Draisaitl and loses puck.
9:33 of 2nd period - Wrist shot by Warren Foegele.
9:33 of 2nd period - Shot Misses the Net.
11:16 of 2nd period - Off-side.
11:17 of 2nd period - Scott Laughton wins face-off versus Tage Thompson in neutral zone.
11:30 of 2nd period - Slapshot by Ryan Hartman.
11:30 of 2nd period - Stopped by Jordan Binnington without a rebound.
11:31 of 2nd period - Tage Thompson wins face-off versus Nicolas Roy in Pittsburgh Penguins zone.
11:53 of 2nd period - Mario Ferraro is hit by Mattias Ekholm and loses puck.
12:43 of 2nd period - Slapshot by Mackie Samoskevich.
12:43 of 2nd period - Stopped by Jordan Binnington with a rebound.
12:45 of 2nd period - Slapshot by Mario Ferraro.
12:45 of 2nd period - Stopped by Jordan Binnington without a rebound.
12:46 of 2nd period - Scott Laughton wins face-off versus Phillip Danault in Pittsburgh Penguins zone.
13:03 of 2nd period - Carson Soucy is hit by Ryan Hartman and loses puck.
13:07 of 2nd period - Icing by Carson Soucy.
13:08 of 2nd period - Wyatt Johnston wins face-off versus Phillip Danault in Pittsburgh Penguins zone.
14:01 of 2nd period - Wrist shot by Christian Dvorak.
14:01 of 2nd period - Shot Misses the Net.
14:07 of 2nd period - Snap shot by Christian Dvorak.
14:07 of 2nd period - Deflect By Phillip Danault.
14:07 of 2nd period - Stopped by Frederik Andersen with a rebound.
14:09 of 2nd period - Slapshot by Christian Dvorak.
14:09 of 2nd period - Shot Misses the Net.
14:11 of 2nd period - Wrist shot by Phillip Danault.
14:11 of 2nd period - Shot Misses the Net.
14:19 of 2nd period - Snap shot by Christian Dvorak.
14:19 of 2nd period - Stopped by Frederik Andersen without a rebound.
14:20 of 2nd period - Ryan O'Reilly wins face-off versus Scott Laughton in Toronto Maple Leafs zone.
14:25 of 2nd period - Wrist shot by Blake Coleman.
14:25 of 2nd period - Shot Misses the Net.
14:58 of 2nd period - Wrist shot by Brady Tkachuk.
14:58 of 2nd period - Stopped by Jordan Binnington without a rebound.
14:59 of 2nd period - Sam Bennett wins face-off versus Leon Draisaitl in Pittsburgh Penguins zone.
15:04 of 2nd period - Snap shot by Warren Foegele.
15:04 of 2nd period - Stopped by Jordan Binnington without a rebound.
15:05 of 2nd period - Sam Bennett wins face-off versus Leon Draisaitl in Pittsburgh Penguins zone.
15:53 of 2nd period - Wrist shot by Brady Tkachuk.
15:53 of 2nd period - Shot Misses the Net.
15:55 of 2nd period - Snap shot by Mario Ferraro.
15:55 of 2nd period - Stopped by Jordan Binnington with a rebound.
15:57 of 2nd period - Slapshot by Brady Tkachuk.
15:57 of 2nd period - Stopped by Jordan Binnington without a rebound.
15:58 of 2nd period - Leon Draisaitl wins face-off versus Sam Bennett in Pittsburgh Penguins zone.
16:18 of 2nd period - Ryan Pulock is hit by Leon Draisaitl and loses puck.
16:55 of 2nd period - Snap shot by Erik Karlsson.
16:55 of 2nd period - Deflect By Pavel Buchnevich.
16:55 of 2nd period - Shot Blocked by Troy Terry.
16:55 of 2nd period - Puck is out of play.
16:56 of 2nd period - Tage Thompson wins face-off versus Troy Terry in Toronto Maple Leafs zone.
17:10 of 2nd period - Slapshot by Troy Terry.
17:10 of 2nd period - Stopped by Jordan Binnington without a rebound.
17:11 of 2nd period - Leon Draisaitl wins face-off versus Scott Laughton in Pittsburgh Penguins zone.
17:50 of 2nd period - Mattias Ekholm is hit by Mario Ferraro and loses puck.
18:03 of 2nd period - Slapshot by Nicolas Roy.
18:03 of 2nd period - Deflect By Eric Robinson.
18:03 of 2nd period - Goal by Eric Robinson - Toronto Maple Leafs : 2 - Pittsburgh Penguins : 0.
18:04 of 2nd period - Scott Laughton wins face-off versus Tage Thompson in neutral zone.
19:02 of 2nd period - Icing by Jordan Eberle.
19:03 of 2nd period - Scott Laughton wins face-off versus Ryan O'Reilly in Pittsburgh Penguins zone.
19:06 of 2nd period - Snap shot by Ryan Hartman.
19:06 of 2nd period - Shot Blocked by Mattias Ekholm.
19:20 of 2nd period - Slapshot by Ryan O'Reilly.
19:20 of 2nd period - Shot Misses the Net.
19:24 of 2nd period - Snap shot by Blake Coleman.
19:24 of 2nd period - Deflect By Jordan Eberle.
19:24 of 2nd period - Shot Misses the Net.
19:24 of 2nd period - Puck is out of play.
19:25 of 2nd period - Nicolas Roy wins face-off versus Tage Thompson in Toronto Maple Leafs zone.
19:25 of 2nd period - Nicolas Roy is hit by Gabriel Vilardi.
19:30 of 2nd period - Off-side.
19:31 of 2nd period - Tage Thompson wins face-off versus Nicolas Roy in neutral zone.
19:34 of 2nd period - Slapshot by Erik Karlsson.
19:34 of 2nd period - Stopped by Frederik Andersen with a rebound.
19:40 of 2nd period - Slapshot by Pavel Buchnevich.
19:40 of 2nd period - Deflect By Tage Thompson.
19:40 of 2nd period - Shot Blocked by Mario Ferraro.
19:40 of 2nd period - Puck is out of play.
19:41 of 2nd period - Wyatt Johnston wins face-off versus Leon Draisaitl in Toronto Maple Leafs zone.
19:54 of 2nd period - Snap shot by Leon Draisaitl.
19:54 of 2nd period - Shot Misses the Net.
19:56 of 2nd period - Snap shot by Sam Reinhart.
19:56 of 2nd period - Shot Blocked by Sam Malinski.
19:58 of 2nd period - Wrist shot by Sam Reinhart.
19:58 of 2nd period - Goal by Sam Reinhart - Toronto Maple Leafs : 2 - Pittsburgh Penguins : 1.
19:59 of 2nd period - Tage Thompson wins face-off versus Scott Laughton in neutral zone.
Goals for this period are 2 for Toronto Maple Leafs vs 1 for Pittsburgh Penguins.
Shots for this period are 11 for Toronto Maple Leafs vs 5 for Pittsburgh Penguins.

3rd period


0:01 of 3rd period - Scott Laughton wins face-off versus Pavel Buchnevich in neutral zone.
0:06 of 3rd period - Slapshot by Ryan Hartman.
0:06 of 3rd period - Stopped by Jordan Binnington with a rebound.
0:08 of 3rd period - Snap shot by Scott Laughton.
0:08 of 3rd period - Stopped by Jordan Binnington without a rebound.
0:09 of 3rd period - Tage Thompson wins face-off versus Scott Laughton in Pittsburgh Penguins zone.
0:09 of 3rd period - Tage Thompson is hit by Mario Ferraro.
0:12 of 3rd period - Minor Penalty to Erik Gudbranson for Tripping.
0:13 of 3rd period - Wyatt Johnston wins face-off versus Sam Reinhart in Pittsburgh Penguins zone.
0:34 of 3rd period - Off-side.
0:35 of 3rd period - Sam Bennett wins face-off versus Sam Reinhart in neutral zone.
0:40 of 3rd period - Slapshot by Bowen Byram.
0:40 of 3rd period - Shot Misses the Net.
1:00 of 3rd period - Snap shot by Leon Draisaitl.
1:00 of 3rd period - Shot Blocked by Mario Ferraro.
1:06 of 3rd period - Minor Penalty to Mario Ferraro for Tripping.
1:07 of 3rd period - Mitchell Marner wins face-off versus Wyatt Johnston in Toronto Maple Leafs zone.
1:24 of 3rd period - Snap shot by Travis Sanheim.
1:24 of 3rd period - Deflect By Mitchell Marner.
1:24 of 3rd period - Stopped by Frederik Andersen without a rebound.
1:25 of 3rd period - Sam Reinhart wins face-off versus Sam Bennett in Toronto Maple Leafs zone.
2:12 of 3rd period - Penalty to Erik Gudbranson is over, Erik Gudbranson is back on ice.
2:17 of 3rd period - Travis Sanheim is hit by Scott Laughton and loses puck.
2:24 of 3rd period - Wrist shot by Warren Foegele.
2:24 of 3rd period - Shot Blocked by Erik Karlsson.
2:26 of 3rd period - Slapshot by Sam Malinski.
2:26 of 3rd period - Shot Misses the Net.
2:28 of 3rd period - Slapshot by Sam Malinski.
2:28 of 3rd period - Shot Blocked by Travis Sanheim.
2:40 of 3rd period - Sam Malinski is hit by Sam Reinhart and loses puck.
3:06 of 3rd period - Penalty to Mario Ferraro is over, Mario Ferraro is back on ice.
3:09 of 3rd period - Slapshot by Erik Karlsson.
3:09 of 3rd period - Stopped by Frederik Andersen without a rebound.
3:10 of 3rd period - Leon Draisaitl wins face-off versus Sam Bennett in Toronto Maple Leafs zone.
3:35 of 3rd period - Wrist shot by Ryan O'Reilly.
3:35 of 3rd period - Shot Misses the Net.
3:41 of 3rd period - Wrist shot by Sam Bennett.
3:41 of 3rd period - Stopped by Jordan Binnington with a rebound.
3:43 of 3rd period - Wrist shot by Quinton Byfield.
3:43 of 3rd period - Goal by Quinton Byfield - Toronto Maple Leafs : 3 - Pittsburgh Penguins : 1.
3:44 of 3rd period - Troy Terry wins face-off versus Tage Thompson in neutral zone.
3:53 of 3rd period - Snap shot by Troy Terry.
3:53 of 3rd period - Stopped by Jordan Binnington without a rebound.
3:54 of 3rd period - Tage Thompson wins face-off versus Wyatt Johnston in Pittsburgh Penguins zone.
3:59 of 3rd period - Brady Tkachuk is hit by Pavel Buchnevich and loses puck.
4:10 of 3rd period - Wrist shot by Wyatt Johnston.
4:10 of 3rd period - Shot Misses the Net.
4:22 of 3rd period - Wrist shot by Tage Thompson.
4:22 of 3rd period - Stopped by Frederik Andersen with a rebound.
4:24 of 3rd period - Snap shot by Gabriel Vilardi.
4:24 of 3rd period - Deflect By Tage Thompson.
4:24 of 3rd period - Shot Misses the Net.
4:24 of 3rd period - Puck is out of play.
4:25 of 3rd period - Scott Laughton wins face-off versus Leon Draisaitl in Toronto Maple Leafs zone.
4:59 of 3rd period - Ryan Pulock is hit by Zemgus Girgensons and loses puck.
5:13 of 3rd period - Icing by Brandon Saad.
5:14 of 3rd period - Tage Thompson wins face-off versus Sam Bennett in Toronto Maple Leafs zone.
5:27 of 3rd period - Backhand shot by Tage Thompson.
5:27 of 3rd period - Stopped by Frederik Andersen without a rebound.
5:28 of 3rd period - Wyatt Johnston wins face-off versus Leon Draisaitl in Toronto Maple Leafs zone.
5:28 of 3rd period - Wyatt Johnston is hit by Brian Dumoulin.
5:58 of 3rd period - Snap shot by Tage Thompson.
5:58 of 3rd period - Stopped by Frederik Andersen with a rebound.
6:00 of 3rd period - Snap shot by Pavel Buchnevich.
6:00 of 3rd period - Deflect By Tage Thompson.
6:00 of 3rd period - Shot Misses the Net.
6:00 of 3rd period - Puck is out of play.
6:01 of 3rd period - Nicolas Roy wins face-off versus Jordan Eberle in Toronto Maple Leafs zone.
6:06 of 3rd period - Wrist shot by Bowen Byram.
6:06 of 3rd period - Stopped by Jordan Binnington without a rebound.
6:07 of 3rd period - Ryan O'Reilly wins face-off versus Nicolas Roy in Pittsburgh Penguins zone.
6:20 of 3rd period - Slapshot by Ryan O'Reilly.
6:20 of 3rd period - Shot Blocked by Sam Malinski.
7:13 of 3rd period - Off-side.
7:14 of 3rd period - Scott Laughton wins face-off versus Phillip Danault in neutral zone.
7:21 of 3rd period - Snap shot by Brandon Saad.
7:21 of 3rd period - Shot Misses the Net.
7:27 of 3rd period - Snap shot by Ryan Hartman.
7:27 of 3rd period - Stopped by Jordan Binnington with a rebound.
7:44 of 3rd period - Wrist shot by Sam Bennett.
7:44 of 3rd period - Shot Misses the Net.
7:47 of 3rd period - Icing by Mattias Ekholm.
7:48 of 3rd period - Wyatt Johnston wins face-off versus Leon Draisaitl in Pittsburgh Penguins zone.
8:12 of 3rd period - Icing by Brian Dumoulin.
8:13 of 3rd period - Leon Draisaitl wins face-off versus Warren Foegele in Pittsburgh Penguins zone.
8:18 of 3rd period - Snap shot by Blake Coleman.
8:18 of 3rd period - Stopped by Frederik Andersen without a rebound.
8:19 of 3rd period - Sam Bennett wins face-off versus Blake Coleman in Toronto Maple Leafs zone.
9:14 of 3rd period - Slapshot by Sam Malinski.
9:14 of 3rd period - Stopped by Jordan Binnington with a rebound.
9:34 of 3rd period - Brandon Saad is hit by Sam Reinhart and loses puck.
9:59 of 3rd period - Slapshot by Troy Terry.
9:59 of 3rd period - Shot Blocked by Brian Dumoulin.
10:12 of 3rd period - Off-side.
10:13 of 3rd period - Nicolas Roy wins face-off versus Tage Thompson in neutral zone.
10:20 of 3rd period - Wrist shot by Mackie Samoskevich.
10:20 of 3rd period - Shot Misses the Net.
10:40 of 3rd period - Snap shot by Tage Thompson.
10:40 of 3rd period - Shot Misses the Net.
10:42 of 3rd period - Snap shot by Tage Thompson.
10:42 of 3rd period - Stopped by Frederik Andersen without a rebound.
10:43 of 3rd period - Ryan O'Reilly wins face-off versus Wyatt Johnston in Toronto Maple Leafs zone.
10:49 of 3rd period - Off-side.
10:50 of 3rd period - Wyatt Johnston wins face-off versus Ryan O'Reilly in neutral zone.
10:59 of 3rd period - Wrist shot by Ryan O'Reilly.
10:59 of 3rd period - Stopped by Frederik Andersen with a rebound.
11:27 of 3rd period - Snap shot by Ryan Hartman.
11:27 of 3rd period - Stopped by Jordan Binnington with a rebound.
11:37 of 3rd period - Snap shot by Tage Thompson.
11:37 of 3rd period - Shot Misses the Net.
11:39 of 3rd period - Snap shot by Tage Thompson.
11:39 of 3rd period - Stopped by Frederik Andersen with a rebound.
11:41 of 3rd period - Backhand shot by Erik Karlsson.
11:41 of 3rd period - Deflect By Quinton Byfield.
11:41 of 3rd period - Stopped by Frederik Andersen without a rebound.
11:42 of 3rd period - Tage Thompson wins face-off versus Troy Terry in Toronto Maple Leafs zone.
11:54 of 3rd period - Minor Penalty to Brady Tkachuk for Roughing.
11:55 of 3rd period - Leon Draisaitl wins face-off versus Wyatt Johnston in Toronto Maple Leafs zone.
11:57 of 3rd period - Slapshot by Leon Draisaitl.
11:57 of 3rd period - Stopped by Frederik Andersen without a rebound.
11:58 of 3rd period - Wyatt Johnston wins face-off versus Leon Draisaitl in Toronto Maple Leafs zone.
12:30 of 3rd period - Scott Laughton is hit by Mattias Ekholm and loses puck.
12:53 of 3rd period - Slapshot by Wyatt Johnston.
12:53 of 3rd period - Stopped by Jordan Binnington with a rebound.
12:55 of 3rd period - Slapshot by Cody Ceci.
12:55 of 3rd period - Shot Misses the Net.
12:57 of 3rd period - Snap shot by Ryan Pulock.
12:57 of 3rd period - Shot Blocked by Travis Sanheim.
13:54 of 3rd period - Penalty to Brady Tkachuk is over, Brady Tkachuk is back on ice.
14:08 of 3rd period - Nicolas Roy is hit by Blake Coleman and loses puck.
14:25 of 3rd period - Slapshot by Christian Dvorak.
14:25 of 3rd period - Shot Blocked by Sam Malinski.
15:40 of 3rd period - Brian Dumoulin is hit by Wyatt Johnston and loses puck.
15:57 of 3rd period - Slapshot by Phillip Danault.
15:57 of 3rd period - Shot Misses the Net.
15:59 of 3rd period - Slapshot by Carson Soucy.
15:59 of 3rd period - Shot Blocked by Mario Ferraro.
16:01 of 3rd period - Snap shot by Christian Dvorak.
16:01 of 3rd period - Stopped by Frederik Andersen with a rebound.
16:03 of 3rd period - Snap shot by Christian Dvorak.
16:03 of 3rd period - Deflect By Sam Bennett.
16:03 of 3rd period - Goal by Christian Dvorak - Toronto Maple Leafs : 3 - Pittsburgh Penguins : 2.
16:04 of 3rd period - Ryan O'Reilly wins face-off versus Scott Laughton in neutral zone.
16:15 of 3rd period - Snap shot by Ryan O'Reilly.
16:15 of 3rd period - Shot Misses the Net.
16:17 of 3rd period - Snap shot by Jordan Eberle.
16:17 of 3rd period - Shot Blocked by Bowen Byram.
16:31 of 3rd period - Snap shot by Mitchell Marner.
16:31 of 3rd period - Deflect By Sam Reinhart.
16:31 of 3rd period - Goal by Sam Reinhart - Toronto Maple Leafs : 3 - Pittsburgh Penguins : 3.
16:32 of 3rd period - Scott Laughton wins face-off versus Ryan O'Reilly in neutral zone.
16:37 of 3rd period - Snap shot by Ryan Hartman.
16:37 of 3rd period - Stopped by Jordan Binnington without a rebound.
16:38 of 3rd period - Scott Laughton wins face-off versus Ryan O'Reilly in Pittsburgh Penguins zone.
16:39 of 3rd period - Slapshot by Ryan Hartman.
16:39 of 3rd period - Stopped by Jordan Binnington with a rebound.
18:12 of 3rd period - Wrist shot by Jordan Eberle.
18:12 of 3rd period - Stopped by Frederik Andersen with a rebound.
18:14 of 3rd period - Slapshot by Brian Dumoulin.
18:14 of 3rd period - Shot Blocked by Brandon Saad.
19:43 of 3rd period - Wrist shot by Erik Karlsson.
19:43 of 3rd period - Shot Blocked by Ryan Pulock.
Goals for this period are 1 for Toronto Maple Leafs vs 2 for Pittsburgh Penguins.
Shots for this period are 12 for Toronto Maple Leafs vs 15 for Pittsburgh Penguins.

Overtime #1


0:01 of 1st overtime period - Sam Bennett wins face-off versus Sam Reinhart in neutral zone.
0:06 of 1st overtime period - Wrist shot by Sam Bennett.
0:06 of 1st overtime period - Shot Blocked by Tage Thompson.
0:10 of 1st overtime period - Wrist shot by Quinton Byfield.
0:10 of 1st overtime period - Shot Misses the Net.
0:12 of 1st overtime period - Snap shot by Quinton Byfield.
0:12 of 1st overtime period - Stopped by Jordan Binnington without a rebound.
0:13 of 1st overtime period - Leon Draisaitl wins face-off versus Wyatt Johnston in Pittsburgh Penguins zone.
0:22 of 1st overtime period - Wrist shot by Brady Tkachuk.
0:22 of 1st overtime period - Shot Misses the Net.
0:44 of 1st overtime period - Wrist shot by Tage Thompson.
0:44 of 1st overtime period - Deflect By Sam Reinhart.
0:44 of 1st overtime period - Goal by Sam Reinhart - Toronto Maple Leafs : 3 - Pittsburgh Penguins : 4.
Goals for this period are 0 for Toronto Maple Leafs vs 1 for Pittsburgh Penguins.
Shots for this period are 1 for Toronto Maple Leafs vs 1 for Pittsburgh Penguins.